 Dungeon Crawl Stone Soup version 0.30-a0-1160-g6e42c06551 (webtiles) character file.

Game seed: 4487884784747372499

71 Sobieck the Cutter (level 4, -8/23 HPs)
             Began as a Vine Stalker Fighter on Apr 25, 2023.
             Killed by divine providence
             ... invoked by an orc priest
              (10 damage)
             ... on level 3 of the Dungeon.
             The game lasted 00:02:48 (1524 turns).

Sobieck the Cutter (Vine Stalker Fighter)           Turns: 1524, Time: 00:02:48

Health: -8/23      AC:  9    Str: 18    XL:     4   Next: 24%
Magic:  0/5        EV: 14    Int:  8    God:
Gold:   102        SH:  5    Dex: 16    Spells: 3/3 levels left

rFire   . . .        a - +0 rapier {short}
rCold   . . .        c - +0 buckler
rNeg    . . .        b - +0 scale mail
rPois   .            u - +0 helmet
rElec   .            o - +1 cloak
rCorr   .            (no gloves)
SInv    .            (no boots)
Will    .....        (no amulet) Stlth
                     t - +5 ring of evasion
HPRegen 1.03/turn    n - ring of wizardry
MPRegen 0.09/turn

%: guardian spirit, wizardry (x1)
@: no status effects
A: fangs 2, regeneration 1, magic shield, antimagic bite, no potion heal 2
a: no special abilities


You were on level 3 of the Dungeon.
You visited 1 branch of the dungeon, and saw 3 of its levels.

You collected 102 gold pieces.


Innate Abilities, Weirdness & Mutations

You have extremely sharp teeth.
Your natural rate of healing is unusually fast.
When hurt, damage is shared between your health and your magic reserves.
Your bite disrupts and absorbs the magic of your enemies.
Potions cannot restore your health.


   Skills:
 - Level 2.6 Fighting
 + Level 4.0 Short Blades
 - Level 2.4 Armour
 - Level 2.6 Shields


You had 3 spell levels left.
You didn't know any spells.
Your spell library was empty.

Inventory:

Hand Weapons
 a - a +0 rapier (weapon) {short}
 l - a +3 hand axe {axe}
   (You found it on level 1 of the Dungeon)
Missiles
 e - 29 stones (quivered) {throwing}
 h - 3 curare-tipped darts {=fthrowing}
Armour
 b - a +0 scale mail (worn)
 c - a +0 buckler (worn)
 g - a +0 chain mail
   (You found it on level 1 of the Dungeon)
 m - a +0 chain mail
   (You found it on level 1 of the Dungeon)
 o - a +1 cloak (worn)
   (You found it on level 2 of the Dungeon)
 u - a +0 helmet (worn)
   (You found it on level 2 of the Dungeon)
 w - a +0 ring mail
   (You found it on level 3 of the Dungeon)
 z - a +0 leather armour
   (You took it off an orc on level 2 of the Dungeon)
Jewellery
 n - a ring of wizardry (right hand)
   (You found it on level 2 of the Dungeon)
 t - a +5 ring of evasion (left hand)
   (You found it on level 2 of the Dungeon)
Wands
 x - a wand of mindburst (12)
   (You found it on level 3 of the Dungeon)
Scrolls
 i - a scroll of poison {unknown}
 j - a scroll of teleportation {unknown}
 q - 2 scrolls of magic mapping {unknown}
 v - a scroll of amnesia {unknown}
 y - a scroll of torment {unknown}
Potions
 d - 3 potions of might
 f - 2 potions of flight {unknown}
 k - 2 potions of curing {unknown}
 p - a potion of brilliance {unknown}
 r - a potion of heal wounds {unknown}
 s - a potion of lignification {unknown}

Dungeon Overview and Level Annotations

Branches:
Dungeon (3/15) Zot: 16456

Altars:
Yredelemnul

###### #....#####
#....#...# #....#...#
#....o...+
#....{...#####
#...@.........
#..........###
#..........#
#..........#
#....##.#..#
#....##.#..# ..
#######.#.... ..
#########†# ... ..
#........o###########..


You could see an orc priest.


Message History

Your Short Blades skill increases to level 4!
z - a +0 leather armour You see here a +0 hand axe {axe}.
Unknown command.
There is a stone staircase leading down here.
You start resting.
Unknown command.
Unknown command.
You climb downwards.
The orc hits you with a +0 falchion.
There is a stone staircase leading up here.
Danger!
A magic dart appears from out of thin air!
Deactivating autopickup; reactivate with Ctrl-A.
The magic dart hits you! The orc hits you but does no damage.
You climb upwards.
Reactivating autopickup.
There is a stone staircase leading down here.
Unknown command.
Unknown command.
You hit the orc. The orc hits you with a +0 falchion.
You closely miss the orc. You bite the orc.
You kill the orc!
No target in view!
No target in view!
You start resting.
Unknown command.
You start resting.
Unknown command.
You climb downwards.
There is a stone staircase leading up here.
Danger!
Unknown command.
Unknown command.
The orc wizard hits you but does no damage.
You hit the orc wizard but do no damage.
Your bite misses the orc wizard. The orc wizard casts a spell at you.
You are confused.
You miss the orc wizard. Your bite misses the orc wizard.
The orc wizard casts a spell.
The orc wizard flickers and vanishes!
Deactivating autopickup; reactivate with Ctrl-A.
The orc priest mumbles some strange prayers to Beogh against you.
Pain shoots through your body!
You hear some strange, mumbled words.
You are more confused.
Something hits you but does no damage.
Unknown command.
You closely miss something. Your bite misses something.
You hear some strange, mumbled words.
You are more confused.
You miss something. Your bite misses something.
Something hits you but does no damage.
Unknown command.
You miss something.
You hear some strange, mumbled words.
Something tries to affect you, but you resist.
Unknown command.
You're too confused to move!
Something hits you.
The orc priest hits you but does no damage.
Something hits you but does no damage. The orc priest closely misses you.
Unknown command.
Something hits you but does no damage.
The orc priest hits you but does no damage.
Unknown command.
Unknown command.
You puncture the orc priest!
You bite the orc priest, but do no damage.
Something hits you but does no damage. The orc priest barely misses you.
Unknown command.
The orc priest barely misses you.
A magic dart appears from out of thin air!
The magic dart hits you.
Unknown command.
Something barely misses you. The orc priest closely misses you.
Unknown command.
You hear some strange, mumbled words.
A puff of flame appears from out of thin air!
The puff of flame hits you!
Unknown command.
The orc priest hits you but does no damage.
Unknown command.
You hit the orc priest but do no damage.
You bite the orc priest. You drain its power.
You feel invigorated.
The orc priest hits you but does no damage.
You hear some strange, mumbled words.
A magic dart appears from out of thin air!
The magic dart hits you.
Danger!
The orc priest attacks as you move away!
The orc priest hits you but does no damage.
You feel less confused.
You hear some strange, mumbled words.
A puff of flame appears from out of thin air!
The puff of flame hits you!
* * * LOW HITPOINT WARNING * * *
The orc priest invokes the aid of Beogh against you.
Beogh smites you!
You die...

Skill      XL: |  1  2  3  4 |
---------------+-------------+-----
Short Blades   | 2 3 4 |  4.0
Fighting       | |  2.6
Armour         | |  2.4
Shields        | |  2.6

Action                     |  1- 3 |  4- 6 || total
---------------------------+-------+-------++-------
  Melee: Rapier            |    73 |    21 ||    94
         Bite              |    10 |     8 ||    18
 Armour: Scale mail        |    25 |    14 ||    39
  Dodge: Dodged            |    30 |    17 ||    47
  Block: Buckler           |     9 |     3 ||    12

Levels and vault maps discovered:
D:1:      mrwooster_arrival_arrow, layout_rooms, chequers_arboretum,
          serial_bayou_crossing
D:2:      layout_loops_ring, basic_altar
D:3:      cheibrodos_pilgrimage, layout_basic, uniq_sigmund, uniq_natasha

Notes
Turn   | Place    | Note
-------+----------+-------------------------------------------
     0 | D:1      | Sobieck the Vine Stalker Fighter began the quest for the
                  | Orb.
     0 | D:1      | Reached XP level 1. HP: 11/11 MP: 2/2
   100 | D:1      | Reached skill level 2 in Short Blades
   165 | D:1      | Reached XP level 2. HP: 16/16 MP: 3/3
   712 | D:2      | Reached skill level 3 in Short Blades
   712 | D:2      | Reached XP level 3. HP: 17/19 MP: 2/4
   718 | D:2      | HP: 4/19 [poisoned by an adder]
   813 | D:2      | Found a basalt altar of Yredelemnul.
  1251 | D:2      | Gained mutation: Your natural rate of healing is unusually
                  | fast. [Vine Stalker growth]
  1251 | D:2      | Reached XP level 4. HP: 23/23 MP: 5/5
  1439 | D:3      | HP: 5/23 [orc priest/nerve-wracking pain (13)]
  1452 | D:2      | Reached skill level 4 in Short Blades
  1524 | D:3      | HP: 2/23 [something/puff of flame (11)]
  1524 | D:3      | Killed from afar by an orc priest

Vanquished Creatures
  4 adders (D:2)
  A dart slug (D:2)
  3 orcs
  6 ball pythons
  A bat (D:2)
  2 endoplasms
  2 goblins
  4 hobgoblins
  2 frilled lizards (D:2)
  5 kobolds
  3 rats
33 creatures vanquished.

Table legend:
 A = Non-vault XP
 B = Vault XP
 C = Vault XP percentage of total XP
 D = Non-vault monster count
 E = Vault monster count
 F = Vault count percentage of total count
                 A         B        C        D         E       F
            +---------+---------+-------+---------+---------+-------
      Total |      93 |       9 |   8.8 |      30 |       3 |   9.1
            +---------+---------+-------+---------+---------+-------
        D:1 |      15 |       0 |   0.0 |       9 |       0 |   0.0
        D:2 |      75 |       6 |   7.4 |      18 |       2 |  10.0
        D:3 |       3 |       3 |  50.0 |       3 |       1 |  25.0
            +---------+---------+-------+---------+---------+-------

Skill      XL: |  1  2  3  4 |
---------------+-------------+-----
Short Blades   | 2 3 4 |  4.0
Fighting       | |  2.6
Armour         | |  2.4
Shields        | |  2.6

Action                     |  1- 3 |  4- 6 || total
---------------------------+-------+-------++-------
  Melee: Rapier            |    73 |    21 ||    94
         Bite              |    10 |     8 ||    18
 Armour: Scale mail        |    25 |    14 ||    39
  Dodge: Dodged            |    30 |    17 ||    47
  Block: Buckler           |     9 |     3 ||    12

Illustrated notes

Table legend:
 A = Kills in this place as a percentage of kills in the entire game.
 B = Kills by you in this place as a percentage of kills by you in the entire game.
 C = Kills by friends in this place as a percentage of kills by friends in the entire game.
 D = Other kills in this place as a percentage of other kills in the entire game.
 E = Experience gained in this place as a percentage of experience gained in the entire game.
 F = Experience gained in this place divided by the number of levels of this place that you have seen.
                   A       B       C       D       E      F
               +-------+-------+-------+-------+-------+----------------------
         Total | 100.0 | 100.0 |   N/A |   N/A | 100.0 |  34.0
       Dungeon | 100.0 | 100.0 |   N/A |   N/A | 100.0 |  34.0
               +-------+-------+-------+-------+-------+----------------------

Table legend: (Time is in decaauts)
 A = Elapsed time spent in this place.
 B = Non-inter-level travel time spent in this place.
 C = Inter-level travel time spent in this place.
 D = Time resting spent in this place.
 E = Time spent auto-exploring this place.
 F = Levels seen in this place.
 G = Mean time per level.
                   A        B        C        D        E       F      G
               +--------+--------+--------+--------+--------+-----+--------+
         Total |   1542 |   1488 |     54 |    153 |   1069 |   3 |  514.0 |
       Dungeon |   1542 |   1488 |     54 |    153 |   1069 |   3 |  514.0 |
               +--------+--------+--------+--------+--------+-----+--------+

Top non-repeatable levels by time:
     D:2: 912 daAuts
     D:1: 531 daAuts
     D:3: 98 daAuts
